 Dungeon Crawl Stone Soup version 0.28-a0-1415-g7c84da036a (webtiles) character file.

Game seed: 11097686352735065184

65 funkygono the Firebug (level 4, -4/24 HPs)
             Began as a Gargoyle Fire Elementalist on Jan 7, 2022.
             Killed by divine providence
             ... invoked by an orc priest
              (12 damage)
             ... on level 3 of the Dungeon.
             The game lasted 00:04:34 (1913 turns).

funkygono the Firebug (Gargoyle Fire Elementalist)  Turns: 1913, Time: 00:04:35

Health: -4/24      AC: 10    Str: 12    XL:     4   Next: 13%
Magic:  7/7        EV: 10    Int: 17    God:
Gold:   103        SH:  0    Dex: 10    Spells: 2/8 levels left

rFire   . . .      SeeInvis .   b - +1 whip
rCold   . . .      Faith    .   (no shield)
rNeg    + . .      Spirit   .   f - +0 ring mail
rPois   ∞          Reflect  .   r - +0 helmet
rElec   +          Harm     .   j - +0 cloak
rCorr   .          Rampage  .   (no gloves)
Will    .....                   (no boots)
Stlth   ..........              (no amulet)
HPRegen 0.08/turn               (no ring)
MPRegen 0.10/turn               (no ring)

@: confused, ambrosia-drunk, very slightly contaminated
A: sickness immunity, AC +3, negative energy resistance 1, electricity
resistance, torment resistance 1, petrification resistance
a: no special abilities


You were on level 3 of the Dungeon.
You visited 1 branch of the dungeon, and saw 3 of its levels.

You collected 103 gold pieces.

Inventory:

Hand Weapons
 b - a +1 whip (weapon)
Missiles
 d - 47 stones
Armour
 a - a +0 robe
 f - a +0 ring mail (worn)
 j - a +0 cloak (worn)
 r - a +0 helmet (worn)
Jewellery
 l - an amulet of guardian spirit
Scrolls
 e - a scroll of fog
 q - a scroll of identify
Potions
 c - a potion of attraction
 g - a potion of haste
 i - a potion of berserk rage {unknown}
 k - a potion of flight {unknown}
 m - a potion of lignification {unknown}
 n - a potion of curing {unknown}
 o - a potion of brilliance {unknown}
 p - a potion of heal wounds {unknown}


   Skills:
 + Level 1.7 Dodging
 - Level 2.1 Stealth
 * Level 2.5 Spellcasting
 * Level 2.1 Conjurations
 * Level 4.0 Fire Magic


You had 2 spell levels left.
You knew the following spells:

 Your Spells              Type           Power      Damage    Failure   Level
a - Foxfire               Conj/Fire      48%        2x1d6     12%         1
b - Scorch                Fire           30%        2d7       12%         2
c - Conjure Flame         Conj/Fire      12%        6-21      34%         3

Your spell library contained the following spells:

 Spells                   Type           Power      Damage    Failure   Level
 Inner Flame              Hex/Fire       9%         N/A       50%         3
 Flame Wave               Conj/Fire      12%        2d5       75%         4


Dungeon Overview and Level Annotations

Branches:
Dungeon (3/15)

Altars:
Nemelex Xobeh

Shops:
D:1 =   D:2 *


Innate Abilities, Weirdness & Mutations

You are immune to sickness and miasma.
Your stone body is resilient. (AC +3)
You are immune to poison.
You resist negative energy. (rN+)
You are resistant to electric shocks. (rElec)
You are resistant to unholy torment.
You are immune to petrification.


Message History

Confirm with . or Enter, or press ? or * to list all spells.
You conjure some foxfire!
An orc comes into view. It is wielding a +0 whip.
Casting: Foxfire (safe; 12% risk of failure)
Confirm with . or Enter, or press ? or * to list all spells.
You conjure some foxfire!
The foxfire hits the goblin.
You kill the goblin!
The foxfire hits the orc priest but does no damage.
Casting: Foxfire (safe; 12% risk of failure)
Confirm with . or Enter, or press ? or * to list all spells.
You miscast Foxfire.
Nothing appears to happen.
The foxfire hits the orc priest but does no damage.
The foxfire hits the orc priest.
The orc priest is lightly wounded.
An orc priest comes into view. It is wielding a +0 mace.
Casting: Foxfire (safe; 12% risk of failure)
Confirm with . or Enter, or press ? or * to list all spells.
You miscast Foxfire.
Nothing appears to happen.
An orc comes into view. It is wielding a +0 trident.
The orc priest invokes the aid of Beogh against you.
Beogh smites you!
Ouch! That really hurt!
Casting: Foxfire (safe; 12% risk of failure)
Confirm with . or Enter, or press ? or * to list all spells.
Flames lash the orc priest but do no damage.
The orc priest calls down the wrath of Beogh upon you.
Beogh smites you!
* * * LOW HITPOINT WARNING * * *
The orc priest barely misses you.
It was a potion of ambrosia.
You are confused.
You feel invigorated.
The orc priest invokes the aid of Beogh against you.
Pain shoots through your body!
* * * LOW HITPOINT WARNING * * *
You bump into the rock wall.
The orc priest calls down the wrath of Beogh upon you.
Beogh smites you!
Ouch! That really hurt!
You die...

#### ..# #.#
#.###.#### #.o...oo.#
........##@#
o##.....##.#
#.##.###.####
#.##........#
#.######.##.#
##+###.# #.##.#
##...##.######.##.#
##.....#........##.#
##.......######.###.#


You could see 2 orc priests and an orc.

Vanquished Creatures
  2 worms (D:2)
  3 dart slugs
  7 bats
  6 endoplasms
  A giant cockroach (D:3)
  7 goblins
  3 hobgoblins
  4 ball pythons
  2 frilled lizards (D:2)
  9 kobolds
  5 rats
49 creatures vanquished.

Vanquished Creatures (others)
  142 foxfires
142 creatures vanquished.

Grand Total: 191 creatures vanquished

Notes
Turn   | Place    | Note
-------+----------+-------------------------------------------
     0 | D:1      | funkygono the Gargoyle Fire Elementalist began the quest
                  | for the Orb.
     0 | D:1      | Reached XP level 1. HP: 10/10 MP: 3/3
   153 | D:1      | Reached XP level 2. HP: 14/15 MP: 1/5
   156 | D:1      | Learned a level 2 spell: Scorch
   538 | D:1      | Found Mererpheinn's One-of-a-Kind Rings.
   564 | D:1      | Reached XP level 3. HP: 19/19 MP: 2/6
  1092 | D:2      | Found a sparkling altar of Nemelex Xobeh.
  1095 | D:2      | Found Jeogg's Assorted Antiques.
  1207 | D:2      | Reached skill level 4 in Fire Magic
  1381 | D:2      | Found a faded altar of an unknown god.
  1552 | D:2      | Reached XP level 4. HP: 24/24 MP: 4/7
  1556 | D:2      | Learned a level 3 spell: Conjure Flame
  1913 | D:3      | Killed from afar by an orc priest

Illustrated notes

Levels and vault maps discovered:
D:1:      elethiomel_arrival_quiet, layout_rooms, nicolae_shop_unique_rings,
          due_unseen_surprise
D:2:      layout_rooms, serial_shops, nicolae_shop_overgrown_old_shop,
          ebering_ecumenical_altar_box, basic_altar, hangedman_glass_teeth
D:3:      layout_loops_corners, minmay_ogre_servants, uniq_ijyb

Skill      XL: |  1  2  3 |
---------------+----------+-----
Fire Magic     | 4 |  4.0
Conjurations   | 2 |  2.1
Dodging        | |  1.7
Stealth        | |  2.1
Spellcasting   | |  2.5

Action                   |  1- 3 |  4- 6 || total
-------------------------+-------+-------++-------
Melee: Whip              |     7 |     5 ||    12
 Cast: Foxfire           |    75 |     9 ||    84
       Scorch            |     1 |     1 ||     2
  Use: Scroll            |       |     5 ||     5
       Potion            |       |     1 ||     1
Armor: Robe              |     4 |       ||     4
Dodge: Dodged            |    11 |    12 ||    23

Table legend: (Time is in decaauts)
 A = Elapsed time spent in this place.
 B = Non-inter-level travel time spent in this place.
 C = Inter-level travel time spent in this place.
 D = Time resting spent in this place.
 E = Time spent auto-exploring this place.
 F = Levels seen in this place.
 G = Mean time per level.
                   A        B        C        D        E       F      G
               +--------+--------+--------+--------+--------+-----+--------+
         Total |   1913 |   1889 |     24 |      0 |   1529 |   3 |  637.7 |
       Dungeon |   1913 |   1889 |     24 |      0 |   1529 |   3 |  637.7 |
               +--------+--------+--------+--------+--------+-----+--------+

Top non-repeatable levels by time:
     D:2: 931 daAuts
     D:1: 776 daAuts
     D:3: 205 daAuts
